 Dungeon Crawl Stone Soup version 0.18-a0-844-g9229740 (webtiles) character file.

1093 M4edhros the Carver (level 8, -15/43 HPs)
             Began as an Octopode Artificer on Dec 18, 2015.
             Demolished by a small abomination (23 damage)
             ... summoned by the capriciousness of Xom
             ... on level 4 of the Dungeon.
             The game lasted 00:05:17 (2557 turns).

M4edhros the Carver (Octopode Artificer)            Turns: 2557, Time: 00:05:19

Health: -15/43     AC:  1    Str: 10    XL:     8   Next: 31%
Magic:  11/11      EV: 15    Int: 16    God:    Xom [....*.]
Gold:   115        SH:  0    Dex: 15    Spells: 0 memorised, 7 levels left

rFire  . . .     SeeInvis .     u - +0 great sword
rCold  + . .     Gourm    .     (shield currently unavailable)
rNeg   . . .     Faith    .     (helmet restricted)
rPois  .         Spirit   .     (no amulet)
rElec  .         Dismiss  .     y - ring of protection from cold
rCorr  .         Reflect  .     (no ring)
SustAt .         Harm     .     (no ring)
MR     .....                    (no ring)
Stlth  +++++.....               (no ring)
                                (no ring)
                                (no ring)
                                (no ring)

@: not resistant to hostile enchantments, quite stealthy
A: almost no armour, amphibious, 8 rings, constrict 8, tentacle spike 1,
camouflage 1, agile 1, frail 1, regeneration 1, gelatinous body 1
a: Renounce Religion


You were on level 4 of the Dungeon.
You worshipped Xom.
You were a beloved toy of Xom.
You were not hungry.

You visited 2 branches of the dungeon, and saw 6 of its levels.

You collected 115 gold pieces.

Inventory:

Hand Weapons
 a - a +0 short sword
 j - a +1 dagger of venom
 s - a cursed +0 dagger
 u - a +0 great sword (weapon)
 v - a +1 flail of protection
Missiles
 e - 148 stones (quivered)
Jewellery
 y - a ring of protection from cold (left tentacle)
Wands
 b - a wand of flame (10)
 c - a wand of enslavement (11)
 d - a wand of random effects (8)
 g - a wand of fireball (7)
 w - a wand of magic darts (31)
Scrolls
 h - a scroll of identify {unknown}
 m - a scroll of remove curse {unknown}
 n - a scroll of fog {unknown}
 o - 2 scrolls of recharging {unknown}
 q - a scroll of brand weapon {unknown}
Potions
 p - a potion of might
 r - a potion of poison
 z - 2 potions of cure mutation {unknown}
Comestibles
 f - 3 bread rations
 k - a chunk of flesh
 l - 5 fruits
 t - a meat ration
 x - a beef jerky


   Skills:
 + Level 1.2 Fighting
 - Level 1.0(7.9) Short Blades
 - Level 12.1 Long Blades
 * Level 4.9 Dodging
 * Level 6.7 Stealth
 + Level 4.7 Evocations


You had 7 spell levels left.
You didn't know any spells.

Dungeon Overview and Level Annotations

Branches:
Dungeon (5/15)             Temple (1/1) D:5

Altars:
Ashenzari
Cheibriados
Gozag
Kikubaaqudgha
Makhleb
Qazlal
Trog
Vehumet
Xom
Yredelemnul
Zin
The Shining One

Annotations:
D:4 JokEr's ghost, amateur OpTm


Innate Abilities, Weirdness & Mutations

You cannot wear most types of armour.
You are amphibious.
You can wear up to eight rings at the same time.
You can use your tentacles to constrict eight enemies at once.
Your skin changes colour to match your surroundings (Stealth).
Your rubbery body absorbs attacks (AC +1).
One of your tentacles bears a spike.
You are agile. (Dex +2)
You are frail (-10% HP).
Your natural rate of healing is unusually fast.


Message History

The small abomination is severely damaged.
The small abomination completely misses you.
The small abomination closely misses you.
The orc wizard casts a spell.
The orc wizard blinks!
The small abomination closely misses you.
Drink which item? (? for menu, Esc to quit)
Okay, then.
Read which item? (? for menu, Esc to quit)
Okay, then.
Unknown command.
Read which item? (? for menu, Esc to quit)
As you read the scroll labeled XEQIS AL ORECS, it crumbles to dust.
You hear a crunching sound.
It was a scroll of random uselessness.
The small abomination hits you.
* * * LOW HITPOINT WARNING * * *
The small abomination hits you!!
Ouch! That really hurt!
You die...
Xom chortles!

####.###.......#
#..............#
#.#.####.......# ## .
#.#.####.##)#### ..
##.# #.#.#.......#
.#.... #.#.#.#...#.#
.#..# ##.#.#.#.#...#
...
#.#........#.########.#
##.###......[xx@x....o#
###
#.#####)#########.....#
#......)# #....
#######.# ### #†# ##.##
#...# #...# #.÷.#######


You could see 3 small abominations and an orc wizard.

Vanquished Creatures
  An ice beast (D:4)
  An ogre (D:4)
  2 orc wizards (D:4)
  A crimson imp (D:5)
  An orc priest (D:4)
  An iguana (D:4)
  A jelly (D:5)
  4 worker ants
  A worker ant zombie (D:5)
  2 adders (D:5)
  A river rat (D:4)
  An ooze (D:1)
  A worm (D:2)
  13 orcs
  2 giant cockroaches (D:5)
  6 hobgoblins
  4 bats
  A giant gecko skeleton (D:5)
  4 giant newts
  3 goblins (D:1)
  5 jackals
  3 kobolds (D:1)
  A rat (D:1)
60 creatures vanquished.

Vanquished Creatures (collateral kills)
  Grinder (D:5)
  An orc (D:4)
  A quokka (D:5)
3 creatures vanquished.

Vanquished Creatures (others)
  An orc wizard (D:4)
  A worm (D:4)
2 creatures vanquished.

Grand Total: 65 creatures vanquished

Notes
Turn   | Place    | Note
--------------------------------------------------------------
     0 | D:1      | M4edhros the Octopode Artificer began the quest for the Orb.
     0 | D:1      | Reached XP level 1. HP: 13/13 MP: 3/3
   508 | D:1      | Reached XP level 2. HP: 12/18 MP: 4/4
   762 | D:1      | Reached XP level 3. HP: 17/23 MP: 5/5
  1083 | D:3      | You fall through a shaft for 2 floors!
  1083 | D:5      | Entered Level 5 of the Dungeon
  1083 | D:5      | Found a staircase to the Ecumenical Temple.
  1087 | Temple   | Entered the Ecumenical Temple
  1214 | Temple   | Became a worshipper of Xom of Chaos
  1228 | D:5      | Noticed Grinder
  1431 | D:5      | Killed Grinder
  1431 | D:5      | Reached skill level 4 in Dodging
  1431 | D:5      | Reached skill level 5 in Stealth
  1431 | D:5      | Reached XP level 4. HP: 9/28 MP: 5/7
  1431 | D:5      | Reached XP level 5. HP: 10/33 MP: 5/8
  1431 | D:5      | Reached XP level 6. HP: 11/38 MP: 5/9
  1458 | D:5      | XOM: divination: detect creatures
  1670 | D:5      | XOM: harmless Chrm miscast
  1698 | D:5      | XOM: divination: detect creatures
  1724 | D:5      | XOM: god gift: great sword {god gift}
  1786 | D:5      | XOM: confuse monster(s)
  1961 | D:5      | Reached skill level 6 in Stealth
  2035 | D:4      | Reached skill level 12 in Long Blades
  2035 | D:4      | Reached XP level 7. HP: 30/43 MP: 10/10
  2042 | D:4      | XOM: god gift: plate armour {god gift}
  2049 | D:4      | Gained mutation: One of your tentacles bears a spike. [potion of mutation]
  2049 | D:4      | Gained mutation: You are agile. (Dex +2) [potion of mutation]
  2049 | D:4      | Gained mutation: You are frail (-10% HP). [potion of mutation]
  2052 | D:4      | Reached XP level 8. HP: 23/43 MP: 11/11
  2057 | D:4      | Gained mutation: Your natural rate of healing is unusually fast. [potion of beneficial mutation]
  2227 | D:4      | XOM: smoke on damage
  2369 | D:4      | XOM: polymorph worker ant -> river rat
  2532 | D:4      | Noticed JokEr's ghost (amateur OpTm)
  2551 | D:4      | XOM: medium Summ miscast
  2557 | D:4      | Demolished by a small abomination

Vault maps used:
D:1:      minmay_arrival_shattered_statue
D:2:      elyvilon_altar_5, nemelex_deck, uniq_robin
D:3:      okawaru_altar_gauntlet_db, lemuel_blue_sif_altar, first_bread
D:4:      hangedman_decor_clover_reticule, sigmund_army
D:5:      minmay_temple_entry_trees, uniq_grinder
Temple:   triangle_lava_temple_12

Action                   |  1- 3 |  4- 6 |  7- 9 || total
-------------------------+-------+-------+-------++-------
Melee: Short sword       |    58 |     5 |       ||    63
       Great sword       |       |    13 |    50 ||    63
Evoke: Wand              |     6 |     3 |     7 ||    16
  Use: Potion            |     1 |     2 |     6 ||     9
       Scroll            |       |       |     1 ||     1
 Stab: Sleeping          |     9 |       |       ||     9
       Distracted        |     1 |     1 |     1 ||     3
       Confused          |       |       |     1 ||     1
  Eat: Meat ration       |       |     1 |       ||     1
